 Dungeon Crawl Stone Soup version 0.28.0-53-g5a82cb258f (webtiles) character file.

Game seed: 3606683295539859186

3945 nickcage the Zephyrmancer (level 10, -16/77 HPs)
             Began as a Pale Draconian Air Elementalist on May 25, 2022.
             Was a Follower of Vehumet.
             Demolished by a death knight
             ... wielding a +0 broad axe
              (21 damage)
             ... on level 7 of the Dungeon.
             The game lasted 00:46:03 (12113 turns).

nickcage the Zephyrmancer (DrAE)                   Turns: 12113, Time: 00:46:03

Health: -16/77     AC:  9    Str:  7    XL:     10   Next: 1%
Magic:  1/20       EV: 16    Int: 19    God:    Vehumet [*.....]
Gold:   404        SH:  0    Dex: 19    Spells: 8/23 levels left

rFire   . . .      SeeInvis .   x - +5 quarterstaff of the Dark Horse {drain, rElec rPois Str-3 Dex+6}
rCold   . . .      Faith    .   (shield currently unavailable)
rNeg    . . .      Spirit   .   (armour unavailable)
rPois   +          Reflect  .   (helmet restricted)
rElec   +          Harm     .   (no cloak)
rCorr   +          Rampage  .   e - +1 pair of gloves
Will    .....                   (no boots)
Stlth   ++........              u - amulet of the acrobat
HPRegen 0.22/turn               m - +4 ring of evasion
MPRegen 0.17/turn               o - ring of resist corrosion

@: no status effects
A: breathe steam, AC +7, unfitting armour, cold-blooded, steam resistance
a: Breathe Steam, Renounce Religion


You were on level 7 of the Dungeon.
You worshipped Vehumet.
Vehumet was aware of your devotion.
You visited 2 branches of the dungeon, and saw 9 of its levels.

You collected 498 gold pieces.
You spent 94 gold pieces at shops.

Inventory:

Hand Weapons
 h - a +3 hand axe of electrocution
 w - a +1 flail of venom
 x - the +5 quarterstaff of the Dark Horse (weapon) {drain, rElec rPois Str-3 Dex+6}
   (You found it on level 6 of the Dungeon)

   A truly terrible weapon, it drains the life of any living foe it strikes.
   Str:       It affects your strength (-3).
   Dex:       It affects your dexterity (+6).
   rElec:     It insulates you from electricity.
   rPois:     It protects you from poison.
Missiles
 p - 4 throwing nets
 t - 7 stones
Armour
 d - a +0 buckler
 e - a +1 pair of gloves (worn)
Jewellery
 m - a +4 ring of evasion (left hand)
 o - a ring of resist corrosion (right hand)
 u - an amulet of the acrobat (around neck)
 v - the ring of Baemikhe {Ice rN+ Will- Str+8 Slay+2}
   (You found it on level 5 of the Dungeon)

   [ring of ice]

   It enhances your ice magic.
   Str:       It affects your strength (+8).
   Slay:      It affects your accuracy & damage with ranged weapons and melee
   (+2).
   rF:        It makes you vulnerable to fire.
   rC:        It protects you from cold.
   rN:        It protects you from negative energy.
   Will:      It decreases your willpower.
 y - a ring of ice
Wands
 k - a wand of iceblast (11)
 s - a wand of flame (24)
Scrolls
 j - 3 scrolls of fear
 q - 2 scrolls of teleportation
Potions
 a - 2 potions of degeneration
 b - a potion of brilliance
 c - 2 potions of invisibility
 f - a potion of attraction
 g - 2 potions of curing
 i - a potion of heal wounds
 l - a potion of lignification {unknown}
 n - a potion of resistance {unknown}
 r - a potion of flight {unknown}
 z - a potion of cancellation {unknown}


   Skills:
 - Level 3.1 Fighting
 - Level 0.1 Staves
 - Level 1.7 Dodging
 - Level 1.7 Stealth
 + Level 7.1 Spellcasting
 - Level 3.0 Conjurations
 - Level 3.0 Hexes
 - Level 11.1 Air Magic
 + Level 1.9 Earth Magic
 - Level 2.1 Poison Magic
 - Level 4.0 Evocations


You had 8 spell levels left.
You knew the following spells:

 Your Spells              Type           Power      Damage    Failure   Level
a - Shock                 Conj/Air       100%       1d9       1%          1
b - Static Discharge      Conj/Air       33%        N/A       1%          2
c - Swiftness             Air            49%        N/A       1%          3
d - Airstrike             Air            24%        N/A       1%          4
e - Slow                  Hex            72%        N/A       3%          1
f - Mephitic Cloud        Conj/Pois/Air  27%        N/A       3%          3
g - Sandblast             Erth           28%        2d8       4%          1

Your spell library contained the following spells:

 Spells                   Type           Power      Damage    Failure   Level
 Confusing Touch          Hex            18%        N/A       9%          3
 Summon Small Mammal      Summ           24%        N/A       10%         1
 Summon Guardian Golem    Hex/Summ       12%        N/A       16%         3
 Ignite Poison            Fire/Tmut/Pois 9%         N/A       22%         3
 Call Canine Familiar     Summ           6%         N/A       30%         3
 Vampiric Draining        Necr           6%         2d6       30%         3
 Freezing Cloud           Conj/Ice/Air   12%        6-21      36%         5


Dungeon Overview and Level Annotations

Branches:
Dungeon (8/15)             Temple (1/1) D:5
   Lair: D:8-11

Altars:
Ashenzari
Cheibriados
Dithmenos
Elyvilon
Fedhas
Gozag
Hepliaklqana
Kikubaaqudgha
Makhleb
Nemelex Xobeh
Okawaru
Qazlal
Ru
Sif Muna
Trog
Uskayaw
Vehumet
Wu Jian
Xom
Yredelemnul
Zin
The Shining One

Shops:
D:2 !   D:3 *


Innate Abilities, Weirdness & Mutations

You can breathe blasts of scalding, opaque steam.
Your pale cyan-grey scales are hard. (AC +7)
You cannot fit into any form of body armour.
You are cold-blooded and may be slowed by cold attacks.
You are immune to the effects of steam.


Message History

The zap hits the iguana!
The iguana is heavily wounded.
The zap hits the death knight but does no damage.
The death knight is severely wounded.
The death knight calls down the wrath of Yredelemnul upon you.
You struggle to resist.
The zap hits the death knight!
The death knight is severely wounded.
The zap hits the death knight.
The death knight is almost dead.
The death knight hits you with a +0 broad axe!!
* * * LOW HITPOINT WARNING * * *
The iguana bites you.
* * * LOW HITPOINT WARNING * * *
The orc shouts!
You hear a shout!
There is a stone staircase leading up here.
Casting: Shock (safe; 1% risk of failure)
Confirm with . or Enter, or press ? or * to list all spells.
Aiming: Sandblast (safe; 4% risk of failure)
Press: ? - help, Shift-Dir - straight line, f/p - death knight
Aim: a death knight, wielding a +0 broad axe, wearing a +0 chain mail and wearing the ring of Vanity {rC+ rN+ Slay+6} (almost dead, 79% to hit)
The blast of sand hits the death knight but does no damage.
The death knight is almost dead.
t - 7 stones The death knight barely misses you.
You hit the death knight but do no damage.
You drain the death knight.
The death knight is almost dead.
The death knight offers itself to Yredelemnul, and fills with unholy energy.
The iguana misses you.
The death knight calls down the wrath of Yredelemnul upon you.
You struggle to resist.
The iguana closely misses you.
You climb upwards.
There is a stone staircase leading down here.
You hit the death knight. You drain the death knight.
The death knight is almost dead.
The death knight reflects your damage back at you!
* * * LOW HITPOINT WARNING * * *
The death knight hits you with a +0 broad axe!!
You die...

#........#
##...................
##.......#
##..............###...
##.....##
#...............# ####
##.....#####..........#.##
###..#..##############.#
#####...## ###...##
###..### ###...#..##
##...###...####..##
###p@...### ##>.####
##.l### ##....# #.##
#..... #.# #..... #.#
#...## ##.# #...# ####
#..## ####...# ...###
#...## ##......# ##...##
#....# #.......##


You could see a death knight (reflects damage, drained) and an iguana.

Vanquished Creatures
  Harold (D:7)
  3 wyverns (D:8)
  A basilisk (D:8)
  Edmund (D:4)
  3 water moccasins
  An ice beast (D:8)
  An orc warrior (D:5)
  A sky beast (D:7)
  2 ogres
  3 centaurs
  A kobold brigand (D:6)
  A bullfrog (D:7)
  3 gnoll sergeants
  A scorpion (D:4)
  6 wights
  3 jellies (D:6)
  4 hounds
  3 orc priests (D:7)
  2 bullfrog skeletons
  2 gnoll shamans
  Terence (D:2)
  3 iguanas
  4 orc wizards
  Natasha (D:2)
  A howler monkey zombie (D:7)
  24 gnolls
  6 adders
  A white imp (D:8)
  2 ufetubi
  An adder zombie (D:5)
  2 worms
  A dart slug (D:2)
  14 orcs
  5 endoplasms
  4 goblins
  5 hobgoblins
  7 jackals
  5 ball pythons
  7 bats
  9 frilled lizards
  9 kobolds
  A quokka skeleton (D:4)
  2 rats (D:2)
  A spectral orc (D:6)
159 creatures vanquished.

Vanquished Creatures (others)
  3 fungi (D:8)
  14 plants (D:8)
17 creatures vanquished.

Grand Total: 176 creatures vanquished

Notes
Turn   | Place    | Note
-------+----------+-------------------------------------------
     0 | D:1      | nickcage the Draconian Air Elementalist began the quest for
                  | the Orb.
     0 | D:1      | Reached XP level 1. HP: 14/14 MP: 3/3
    78 | D:1      | Found a faded altar of an unknown god.
   567 | D:1      | Reached XP level 2. HP: 20/20 MP: 1/5
   570 | D:1      | Learned a level 2 spell: Static Discharge
  1429 | D:2      | Reached skill level 4 in Air Magic
  1713 | D:2      | Reached XP level 3. HP: 26/26 MP: 0/6
  1800 | D:2      | Noticed Natasha
  1814 | D:2      | Killed Natasha
  2006 | D:2      | Learned a level 3 spell: Swiftness
  2155 | D:2      | Found Gasuiwn's Distillery.
  2172 | D:2      | Bought a potion of curing for 39 gold pieces
  2355 | D:2      | Noticed Terence
  2376 | D:2      | Killed Terence
  2377 | D:2      | Reached skill level 5 in Air Magic
  2377 | D:2      | Reached XP level 4. HP: 14/33 MP: 0/7
  2996 | D:3      | Found Mietu's General Store.
  3035 | D:3      | Bought a scroll of fear for 35 gold pieces
  3035 | D:3      | Bought a scroll of identify for 20 gold pieces
  4270 | D:4      | Reached XP level 5. HP: 6/38 MP: 0/8
  4657 | D:4      | Reached skill level 6 in Air Magic
  4791 | D:4      | Reached XP level 6. HP: 45/45 MP: 0/10
  4796 | D:4      | Learned a level 4 spell: Airstrike
  4922 | D:4      | Noticed Edmund
  4936 | D:4      | Killed Edmund
  5718 | D:4      | Learned a level 1 spell: Slow
  5740 | D:5      | Entered Level 5 of the Dungeon
  6009 | D:5      | Noticed a water moccasin
  6275 | D:5      | Killed a water moccasin
  6276 | D:5      | Reached skill level 7 in Air Magic
  6276 | D:5      | Your scales start taking on a pale cyan-grey colour.
  6276 | D:5      | Reached XP level 7. HP: 32/50 MP: 3/13
  6276 | D:5      | Gained mutation: You are immune to the effects of steam.
                  | [Pale Draconian growth]
  6476 | D:5      | Found a staircase to the Ecumenical Temple.
  6493 | Temple   | Entered the Ecumenical Temple
  6636 | Temple   | Became a worshipper of Vehumet
  6917 | D:5      | Reached skill level 8 in Air Magic
  7339 | D:5      | Identified the ring of Baemikhe {Ice rN+ Will- Str+8
                  | Slay+2}
  7397 | D:5      | Reached skill level 5 in Spellcasting
  7497 | D:5      | Learned a level 3 spell: Mephitic Cloud
  7685 | D:6      | Identified the +5 quarterstaff of the Dark Horse {drain,
                  | rElec rPois Str-3 Dex+6}
  7854 | D:6      | Reached skill level 1 in Poison Magic
  7873 | D:6      | Reached skill level 1 in Hexes
  7887 | D:6      | Reached XP level 8. HP: 57/57 MP: 6/15
  8036 | D:6      | Reached skill level 9 in Air Magic
  8451 | D:6      | Found a basalt altar of Yredelemnul.
  9569 | D:7      | Noticed Harold
  9581 | D:7      | Killed Harold
  9582 | D:7      | Reached skill level 10 in Air Magic
  9582 | D:7      | Reached XP level 9. HP: 16/62 MP: 1/17
 10170 | D:7      | Reached skill level 11 in Air Magic
 10171 | D:7      | Reached skill level 1 in Evocations
 10174 | D:7      | Reached * piety under Vehumet
 10174 | D:7      | Offered knowledge of Sandblast by Vehumet.
 10971 | D:8      | Noticed a black mamba
 10972 | D:8      | Reached skill level 1 in Fighting
 10972 | D:8      | Noticed a centaur warrior
 11247 | D:7      | Learned a level 1 spell: Sandblast
 11763 | D:8      | Reached skill level 1 in Earth Magic
 12045 | D:8      | Reached XP level 10. HP: 77/77 MP: 16/20
 12081 | D:8      | Identified the ring of Vanity {rC+ rN+ Slay+6}
 12081 | D:8      | Noticed a death knight
 12113 | D:7      | Demolished by a death knight

Illustrated notes

Levels and vault maps discovered:
D:1:      evilmike_arrival_plus, layout_basic,
          shapermc_ecumenical_altar_mp_urbaneastern
D:2:      layout_basic, serial_shops, nicolae_shop_waterfront,
          minmay_lizard_pond, uniq_terence, uniq_natasha
D:3:      layout_loops_corners, serial_shops, shop
D:4:      layout_basic, serial_rivers, chequers_serial_rivers_small_3,
          chequers_serial_rivers_micro_a, chequers_serial_rivers_micro_b,
          chequers_serial_rivers_large_a, uniq_edmund
D:5:      layout_cave_pods, minmay_temple_entry_stoned_glass
D:6:      layout_basic, yredelemnul_forgotten_temple_becter,
          kennysheep_small_square
D:7:      layout_cave_pods, grunt_ministairs_13, minivault_11, uniq_harold
D:8:      minmay_the_grid_octo_tiled_squarecenter [minmay_the_grid_octo_shrine,
          minmay_the_grid_octo_concentric, minmay_the_grid_octo_horde,
          minmay_the_grid_octo_77, minmay_the_grid_square_5x5_megaprize_diamond,
          minmay_the_grid_square_5x5_lines,
          minmay_the_grid_square_5x5_three_small,
          minmay_the_grid_square_5x5_detours,
          minmay_the_grid_square_5x5_bridge], layout_basic,
          minmay_lair_entry_grove, nicolae_ossuary_entry_plus
Temple:   mainiacjoe_temple_archimedes_tessellation

Skill      XL: |  1  2  3  4  5  6  7  8  9 |
---------------+----------------------------+-----
Air Magic      | 4 5 6 7 8 10 11 | 11.1
Spellcasting   | 3 4 5 7 |  7.1
Poison Magic   | 1 2 |  2.1
Hexes          | 1 2 3 |  3.0
Conjurations   | 2 3 |  3.0
Evocations     | 4 |  4.0
Fighting       | 3 |  3.1
Earth Magic    | 1 |  1.9
Staves         | |  0.1
Dodging        | |  1.7
Stealth        | |  1.7

Action                   |  1- 3 |  4- 6 |  7- 9 | 10-12 || total
-------------------------+-------+-------+-------+-------++-------
Melee: Hand axe          |    29 |    18 |    13 |       ||    60
       Tailslap          |     4 |     1 |     4 |       ||     9
       Quarterstaff      |       |       |    10 |     2 ||    12
 Cast: Shock             |    61 |   121 |   215 |     7 ||   404
       Static Discharge  |       |     6 |    14 |       ||    20
       Swiftness         |       |     1 |     1 |       ||     2
       Airstrike         |       |       |    15 |     4 ||    19
       Sandblast         |       |       |    12 |     1 ||    13
       Slow              |       |       |     1 |       ||     1
       Mephitic Cloud    |       |       |     1 |       ||     1
 Abil: Breathe Steam     |       |       |     7 |       ||     7
Evoke: Wand              |       |       |     2 |       ||     2
  Use: Scroll            |     1 |     2 |     7 |       ||    10
 Stab: Confused          |       |       |     1 |       ||     1
       Sleeping          |       |       |     1 |       ||     1
Armor: Skin              |    17 |    12 |    27 |       ||    56
Dodge: Dodged            |    28 |    29 |    79 |     3 ||   139
Block: Buckler           |     3 |     5 |     4 |       ||    12
